Unix NetHack Version 3.7.0-90 Work-in-progress - last build Dec 3 2023 20:32:41 (e33b8c7efbf99322d2e85d301d47f1b6a39c1704,branch:master). Game began 2023-12-03 22:43:37, ended 2023-12-03 22:48:14. DoktorL, lawful female dwarven Valkyrie ------------ ------------- |..........-######.........>..| -------- |..........| |...........| |[[[[[.| |..........| |...........| |[[[][.-# |........... ....h........ |[[][[[|# |..........| ------------- |[[[----# |..........| |[[ # --.------+-- |[[ #### ## --- # ## # ## ## # #--)-- #-...| |..<| |%..- ----- DoktorL the Skirmisher St:16 Dx:13 Co:20 In:8 Wi:9 Ch:9 Lawful S:1126 Dlvl:3 $:50 HP:52(57) Pw:11(11) AC:4 Xp:5/196 T:1417 Latest messages: You hit the giant bat. The giant bat bites! The giant bat bites! You kill the giant bat! You see here a giant bat corpse. The door opens. "Velkommen, DoktorL! Welcome to Tirebolu's used armor dealership!" (For instructions type a '?') (For instructions type a '?') You see here a banded mail (for sale, 120 zorkmids). You see here a banded mail (for sale, 120 zorkmids). You see here a banded mail (for sale, 120 zorkmids). You see here a banded mail (for sale, 120 zorkmids). You see here a banded mail (for sale, 120 zorkmids). "Velkommen, DoktorL! Welcome again to Tirebolu's used armor dealership!" What do you want to drop? [$ac-eghj-ln-s or ?*] You drop an elven shield. Tirebolu offers 4 gold pieces for your elven shield. Sell it? [ynaq] (n) You sold an elven shield for 4 gold pieces. You see here a banded mail (for sale, 120 zorkmids). You see here a banded mail (for sale, 120 zorkmids). You see here a banded mail (for sale, 120 zorkmids). You stop. Tirebolu is in the way! You see here a banded mail (for sale, 120 zorkmids). You see here a banded mail (for sale, 120 zorkmids). You see here a banded mail (for sale, 120 zorkmids). Where do you want to travel to? (For instructions type a '?') The hill orc wields a scimitar! The hill orc swings her scimitar. The hill orc hits! You miss the hill orc. The hill orc swings her scimitar. The hill orc hits! You miss the hill orc. The hill orc swings her scimitar. The hill orc misses! You kill the hill orc! $ - 10 gold pieces (50 in total). There is a doorway here. You see here a scimitar. You see here a chest. Hmmm, the chest turns out to be locked. You are bare handed. a - a +1 dwarvish spear (alternate weapon; not wielded). What do you want to wield? [- ago or ?*] The dagger welds itself to your dominant right hand! # Really quit? [yn] (n) Do you want your possessions identified? [ynq] (y) Inventory: Coins $ - 50 gold pieces Amulets l - an uncursed amulet of guarding (being worn) Weapons o - a cursed -1 dagger (weapon in right hand) a - a +1 dwarvish spear (alternate weapon; not wielded) g - a +0 silver dagger Armor c - an uncursed +3 small shield (being worn) Comestibles d - 2 uncursed food rations Scrolls r - a cursed scroll of enchant armor Spellbooks h - an uncursed spellbook of cure sickness s - an uncursed spellbook of remove curse Potions j - an uncursed potion of extra healing n - an uncursed potion of gain energy q - an uncursed potion of invisibility k - an uncursed potion of water Wands e - a wand of sleep (0:4) DoktorL the Valkyrie's attributes: Background: You were a Skirmisher, a level 5 dwarven Valkyrie. You were lawful, on a mission for Tyr who was opposed by Odin (neutral) and Loki (chaotic). You were in the Dungeons of Doom, on level 3. You entered the dungeon 1417 turns ago. It was nighttime. You had 196 experience points, 124 more were needed to attain level 6. Your score was 1126 before end-of-game adjustments. Basics: You had 52 out of 57 hit points. You had all 11 energy points (spell power). Your armor class was 4. Your wallet contained 50 zorkmids. Autopickup was on for '$"?!/=' plus thrown, with exceptions. Final Characteristics: Your strength was 16 (limit:18/100). Your dexterity was 13 (limit:20). Your constitution was 20 (limit:20). Your intelligence was 8 (limit:16). Your wisdom was 9 (limit:16). Your charisma was 9 (limit:16). Final Status: You weren't hungry. You were unencumbered. You were wielding a dagger. You had basic skill with dagger. Final Attributes: You were devoutly aligned. You were cold resistant. You had infravision. You were stealthy. You had a small defense bonus (+2). You were guarded. You survived. Miscellaneous: You disabled loading of bones levels. Total elapsed playing time was 4 minutes and 37 seconds. Major events: Turn 1: DoktorL the lawful dwarven Valkyrie entered the dungeon 723: attained the rank of Skirmisher (level 3) 1417: quit Vanquished creatures: a ghost a hill orc a giant bat an iguana a coyote a gnome zombie 4 jackals 3 foxes a kobold a goblin 4 sewer rats 4 grid bugs 3 lichens a kobold zombie 7 newts 34 creatures vanquished. No species were genocided or became extinct. Voluntary challenges: You read items or engraved 1 time. You never engraved Elbereth. You never had a pet. You never genocided any monsters. You never polymorphed an object. You never changed form. You used no wishes. Achievements: You attained the rank of Skirmisher. You entered a shop. The Dungeons of Doom: levels 1 to 3 Level 1: Level 2: An altar to Tyr. Level 3: <- You were here. An armor shop. Farvel DoktorL the Valkyrie... You quit in The Dungeons of Doom on dungeon level 3 with 1126 points, and 50 pieces of gold, after 1417 moves. You were level 5 with a maximum of 57 hit points when you quit.